 Dungeon Crawl Stone Soup version 0.29.0-4-gdea44cf6ec (webtiles) character file.

Game seed: 2833831605204580470

687 qw the Cleaver (level 7, -4/61 HPs)
             Began as a Minotaur Berserker on Sept 4, 2022.
             Was a Believer of Trog.
             Slain by an orc warrior
             ... wielding a +1 vampiric glaive
              (8 damage)
             ... on level 4 of the Dungeon.
             The game lasted 00:01:17 (3772 turns).

qw the Cleaver (Minotaur Berserker)                 Turns: 3772, Time: 00:01:17

Health: -4/61      AC: 11    Str: 29    XL:     7   Next: 35%
Magic:  6/6        EV:  9    Int:  4    God:    Trog [**....]
Gold:   203        SH:  0    Dex: 10    Spells: 6/6 levels left

rFire   + . .      SeeInvis .   Y - +0 hand axe
rCold   . . .      Faith    .   (no shield)
rNeg    . . .      Spirit   .   b - +0 chain mail
rPois   .          Reflect  .   (helmet restricted)
rElec   .          Harm     .   (no cloak)
rCorr   .          Rampage  .   f - +1 pair of gloves
Will    .....                   (no boots)
Stlth   ..........              (no amulet)
HPRegen 0.20/turn               d - ring of protection from fire
MPRegen 0.10/turn               p - +6 ring of strength

@: about to teleport, on berserk cooldown, slowed, very slow
A: horns 2, retaliatory headbutt
a: Renounce Religion, Berserk, Trog's Hand


You were on level 4 of the Dungeon.
You worshipped Trog.
Trog was pleased with you.
You visited 1 branch of the dungeon, and saw 4 of its levels.

You collected 203 gold pieces.


Innate Abilities, Weirdness & Mutations

You have a pair of horns on your head.
You reflexively headbutt those who attack you in melee.


   Skills:
 - Level 5.0 Fighting
 + Level 9.6 Axes
 - Level 3.1 Armour
 - Level 2.1 Dodging


You had 6 spell levels left.
You didn't know any spells.
Your spell library was empty.

Inventory:

Hand Weapons
 m - a +0 whip
 Y - a +0 hand axe (weapon)
Missiles
 n - 4 boomerangs (quivered)
Armour
 b - a +0 chain mail (worn)
 f - a +1 pair of gloves (worn)
Jewellery
 d - a ring of protection from fire (left hand)
 e - a ring of positive energy
 p - a +6 ring of strength (right hand)
Wands
 q - a wand of digging (6)
Scrolls
 a - 2 scrolls of identify
 j - a scroll of enchant weapon {unknown}
Potions
 c - 2 potions of haste
 g - a potion of might
 h - a potion of curing {unknown}
 i - 3 potions of heal wounds {unknown}
 l - a potion of invisibility {unknown}

Dungeon Overview and Level Annotations

Branches:
Dungeon (4/15)
 Temple: D:4-7

Altars:

Annotations:
D:3 1 runed translucent door, Crazy Yiuf


Message History

You are no longer berserk.
You are exhausted.
You feel yourself slow down.
HP restored.
An orc warrior comes into view. It is wielding a +1 vampiric glaive.
3759 ||| Stepping ~*~*~tactically~*~*~ (stealth).
A centaur is nearby!
A centaur is nearby!
3762 ||| Stepping ~*~*~tactically~*~*~ (stealth).
A centaur is nearby!
The orc warrior shouts!
The orc warrior hits you with a +1 vampiric glaive!
The orc warrior closely misses you.
You hit the orc warrior but do no damage.
Your headbutt misses the orc warrior.
The orc warrior hits you with a +1 vampiric glaive!
You slash the orc warrior!
The orc warrior is moderately wounded.
The orc warrior closely misses you. You furiously retaliate!
You headbutt the orc warrior, but do no damage.
You closely miss the orc warrior.
The orc warrior is moderately wounded.
The orc warrior barely misses you. The orc warrior completely misses you.
You hit the orc warrior.
The orc warrior is moderately wounded.
The orc warrior hits you with a +1 vampiric glaive!
You barely miss the orc warrior.
The orc warrior is moderately wounded.
The orc warrior hits you with a +1 vampiric glaive!
You slash the orc warrior!
The orc warrior is severely wounded.
The orc warrior barely misses you. You furiously retaliate!
You headbutt the orc warrior, but do no damage.
You closely miss the orc warrior.
The orc warrior is severely wounded.
The orc warrior hits you with a +1 vampiric glaive!!
3772 ||| READING scroll of teleportation.
As you read the scroll of teleportation, it crumbles to dust.
You feel strangely unstable.
The orc warrior hits you with a +1 vampiric glaive!
You die...

###### ......#
##...@## .....#
#.####o# #....#
#.# #)#c$# #....#
#.# #.###..#
#....# #.####.# #
~ #....# ##..#.##
####....# #..#.
.......#######)#.
######)##.'....#o


You could see an orc warrior and a centaur.

Vanquished Creatures
  Grinder (D:3)
  An ogre (D:4)
  A necrophage (D:4)
  An orc priest (D:4)
  2 hounds
  Ijyb (D:3)
  3 iguanas
  An orc wizard (D:4)
  3 adders (D:2)
  An ufetubus (D:4)
  2 worms
  3 dart slugs
  6 orcs
  7 endoplasms
  7 goblins
  2 hobgoblins
  2 jackals (D:1)
  7 kobolds
  4 quokkas
  6 ball pythons
  13 bats
  2 frilled lizards (D:1)
  6 rats
82 creatures vanquished.

Vanquished Creatures (others)
  An orc wizard (D:4)
  11 fungi (D:4)
  A plant (D:2)
13 creatures vanquished.

Grand Total: 95 creatures vanquished

Notes
Turn   | Place    | Note
-------+----------+-------------------------------------------
     0 | D:1      | qw the Minotaur Berserker began the quest for the Orb.
     0 | D:1      | Reached XP level 1. HP: 19/19 MP: 0/0
     0 | D:1      | 0 ||| qw: Version: 0.1-a-103-gd6f5d3a
     0 | D:1      | 0 ||| qw: Game counter: 5529
     0 | D:1      | 0 ||| qw: Always use a shield: true
     0 | D:1      | 0 ||| qw: Do Orc after D:15 true
     0 | D:1      | 0 ||| qw: Do second Lair branch before Depths: true
     0 | D:1      | 0 ||| qw: Lair rune preference: random
     0 | D:1      | 0 ||| qw: Plans: Normal
     0 | D:1      | 0 ||| PLANNING D:1-11
    33 | D:1      | 33 ||| Stepping ~*~*~tactically~*~*~ (stealth).
    35 | D:1      | 35 ||| Stepping ~*~*~tactically~*~*~ (stealth).
    56 | D:1      | 56 ||| Stepping ~*~*~tactically~*~*~ (stealth).
    86 | D:1      | 86 ||| Stepping ~*~*~tactically~*~*~ (stealth).
   101 | D:1      | Reached skill level 4 in Axes
   150 | D:1      | Reached XP level 2. HP: 17/26 MP: 1/1
   298 | D:1      | 298 ||| Stepping ~*~*~tactically~*~*~ (hiding).
   298 | D:1      | Found a faded altar of an unknown god.
   304 | D:1      | 304 ||| Stepping ~*~*~tactically~*~*~ (stealth).
   319 | D:1      | 319 ||| Stepping ~*~*~tactically~*~*~ (stealth).
   705 | D:1      | Reached ** piety under Trog
   706 | D:1      | Reached skill level 5 in Axes
   870 | D:1      | 870 ||| UPGRADING to +0 scale mail.
   880 | D:1      | 880 ||| DROPPING +0 animal skin.
   881 | D:1      | 881 ||| UPGRADING to ring of protection from fire.
   882 | D:1      | 882 ||| READING 2 scrolls labelled AKHOAKK DASIBB.
   883 | D:1      | 883 ||| READING scroll labelled RUTWIU VETI.
   888 | D:1      | 888 ||| DRINKING 4 fizzy silvery potions.
   989 | D:1      | 989 ||| DRINKING 2 fuming blue potions.
   990 | D:1      | 990 ||| DROPPING 3 potions of ambrosia.
  1005 | D:2      | 1005 ||| Stepping ~*~*~tactically~*~*~ (hiding).
  1011 | D:2      | Reached XP level 3. HP: 24/31 MP: 2/2
  1226 | D:2      | 1226 ||| Stepping ~*~*~tactically~*~*~ (stealth).
  1261 | D:2      | 1261 ||| Stepping ~*~*~tactically~*~*~ (stealth).
  1392 | D:2      | 1392 ||| INVOKING Berserk.
  1810 | D:2      | Reached XP level 4. HP: 39/39 MP: 3/3
  1921 | D:2      | Reached skill level 6 in Axes
  1937 | D:2      | 1937 ||| UPGRADING to +0 chain mail.
  1947 | D:2      | 1947 ||| DROPPING +0 scale mail.
  1948 | D:2      | 1948 ||| READING scroll labelled GANIZYORUNE.
  1949 | D:2      | 1949 ||| READING 2 scrolls of identify.
  1949 | D:2      | 1949 ||| IDENTIFYING smoky yellow potion
  2118 | D:3      | Noticed Grinder
  2119 | D:3      | 2119 ||| INVOKING Trog's Hand.
  2120 | D:3      | 2120 ||| INVOKING Berserk.
  2124 | D:3      | Killed Grinder
  2125 | D:3      | Reached skill level 8 in Axes
  2125 | D:3      | Reached XP level 5. HP: 45/45 MP: 4/4
  2125 | D:3      | Reached XP level 6. HP: 51/51 MP: 5/5
  2349 | D:3      | Found a runed translucent door.
  2350 | D:3      | Noticed Crazy Yiuf
  2550 | D:3      | Noticed Ijyb
  2554 | D:3      | 2554 ||| INVOKING Berserk.
  2557 | D:3      | Killed Ijyb
  2723 | D:3      | 2723 ||| UPGRADING to +1 pair of gloves.
  2728 | D:3      | 2728 ||| UPGRADING to +6 ring of strength.
  2729 | D:3      | 2729 ||| READING scroll labelled METINU FURO.
  2729 | D:3      | Identified a scroll of acquirement
  2729 | D:3      | 2729 ||| ACQUIRING ring of positive energy
  2729 | D:3      | Acquired a ring of positive energy
  2731 | D:3      | 2731 ||| READING scroll labelled ZIKUAZAUNT.
  2732 | D:3      | 2732 ||| READING scroll labelled GIBOPH BURE.
  2733 | D:3      | 2733 ||| READING scroll labelled XOBI GETIQAL.
  2774 | D:4      | 2774 ||| FLEEEEING.
  2775 | D:4      | 2775 ||| FLEEEEING.
  2776 | D:4      | 2776 ||| STAIRDANCE
  2926 | D:4      | 2926 ||| STAIRDANCE
  3001 | D:4      | 3001 ||| INVOKING Berserk.
  3008 | D:4      | 3008 ||| STAIRDANCE
  3182 | D:4      | Reached skill level 9 in Axes
  3238 | D:4      | Reached skill level 3 in Armour
  3318 | D:4      | 3318 ||| FLEEEEING.
  3319 | D:4      | 3319 ||| FLEEEEING.
  3320 | D:4      | 3320 ||| FLEEEEING.
  3321 | D:4      | 3321 ||| FLEEEEING.
  3322 | D:4      | 3322 ||| FLEEEEING.
  3323 | D:4      | 3323 ||| FLEEEEING.
  3324 | D:4      | 3324 ||| FLEEEEING.
  3325 | D:4      | 3325 ||| FLEEEEING.
  3326 | D:4      | 3326 ||| FLEEEEING.
  3327 | D:4      | 3327 ||| FLEEEEING.
  3328 | D:4      | 3328 ||| STAIRDANCE
  3466 | D:4      | Reached XP level 7. HP: 60/60 MP: 6/6
  3482 | D:4      | 3482 ||| DROPPING +0 club.
  3751 | D:4      | 3751 ||| INVOKING Berserk.
  3759 | D:4      | 3759 ||| Stepping ~*~*~tactically~*~*~ (stealth).
  3762 | D:4      | 3762 ||| Stepping ~*~*~tactically~*~*~ (stealth).
  3771 | D:4      | HP: 3/61 [orc warrior/+1 vampiric glaive (18)]
  3772 | D:4      | 3772 ||| READING scroll of teleportation.
  3772 | D:4      | Slain by an orc warrior

Levels and vault maps discovered:
D:1:      dpeg_arrival_simpleton_c, layout_rooms,
          ebering_ecumenical_altar_sacrificial
D:2:      layout_loops_ring, serial_bayou_pond_b
D:3:      layout_basic, grunt_decor_junction, uniq_ijyb,
          uniq_crazy_yiuf_cottage, uniq_grinder
D:4:      minmay_chambers_of_fours, layout_basic, serial_aquarium,
          aquarium_bridge_long_separate [aquarium_subvault_bridge,
          aquarium_subvault_bridge, aquarium_subvault_bridge,
          aquarium_subvault_bridge, aquarium_subvault_wall,
          aquarium_subvault_bridge], aquarium_window_1, aquarium_window_fake,
          aquarium_view_2f, aquarium_balcony_double_4, aquarium_pool_2

Skill      XL: |  1  2  3  4  5  6  7 |
---------------+----------------------+-----
Axes           | 4 5 8 9 |  9.6
Fighting       | 4 5 |  5.0
Armour         | 3 |  3.1
Dodging        | |  2.1

Action                   |  1- 3 |  4- 6 |  7- 9 || total
-------------------------+-------+-------+-------++-------
Melee: Hand axe          |    84 |    67 |    24 ||   175
       Headbutt          |     4 |    19 |       ||    23
       Punch             |       |       |     1 ||     1
Throw: Boomerang         |       |    18 |    17 ||    35
Invok: Berserk           |     1 |     3 |     1 ||     5
       Trog's Hand       |       |     1 |       ||     1
  Use: Scroll            |     2 |     6 |     1 ||     9
       Potion            |     2 |       |       ||     2
Armor: Animal skin       |     3 |       |       ||     3
       Scale mail        |     8 |     3 |       ||    11
       Chain mail        |       |    34 |     2 ||    36
Dodge: Dodged            |    40 |    35 |    15 ||    90

Table legend:
 A = Non-vault XP
 B = Vault XP
 C = Vault XP percentage of total XP
 D = Non-vault monster count
 E = Vault monster count
 F = Vault count percentage of total count
                 A         B        C        D         E       F
            +---------+---------+-------+---------+---------+-------
      Total |     521 |     461 |  46.9 |      75 |       8 |   9.6
            +---------+---------+-------+---------+---------+-------
        D:1 |      38 |       0 |   0.0 |      26 |       0 |   0.0
        D:2 |      56 |      16 |  22.2 |      15 |       3 |  16.7
        D:3 |     135 |     317 |  70.1 |      14 |       2 |  12.5
        D:4 |     292 |     128 |  30.5 |      20 |       3 |  13.0
            +---------+---------+-------+---------+---------+-------
